 Dungeon Crawl Stone Soup version 0.27.1-1-g398f81649c (webtiles) character file.

Game seed: 7462823441600808340

537 snilloc10 the Cleaver (level 7, -6/57 HPs)
             Began as a Hill Orc Fighter on Sept 14, 2021.
             Mangled by a two-headed ogre (24 damage)
             ... on level 6 of the Dungeon.
             The game lasted 00:16:16 (5052 turns).

snilloc10 the Cleaver (Hill Orc Fighter)            Turns: 5052, Time: 00:16:17

Health: -6/57      AC:  8    Str: 19    XL:     7   Next: 25%
Magic:  7/7        EV:  9    Int:  8    God:
Gold:   203        SH:  0    Dex: 12    Spells: 6/6 levels left

rFire    + . .     SeeInvis .   e - +1 battleaxe (vorpal)
rCold    x . .     Faith    .   (shield currently unavailable)
rNeg     . . .     Spirit   .   b - +2 scale mail
rPois    .         Reflect  .   (no helmet)
rElec    .         Harm     .   (no cloak)
rCorr    .         Rampage  .   (no gloves)
Will     .....                  (no boots)
Stlth    ..........             (no amulet)
HPRegen  0.19/turn              m - ring of fire
MPRegen  0.10/turn              (no ring)

@: studying Throwing
A: no striking features
a: no special abilities


You were on level 6 of the Dungeon.
You visited 1 branch of the dungeon, and saw 6 of its levels.

You collected 203 gold pieces.

Inventory:

Hand Weapons
 a - a +0 war axe
 e - a +1 vorpal battleaxe (weapon)
 l - a +1 dagger of holy wrath
Missiles
 n - 2 boomerangs of dispersal (quivered)
Armour
 b - a +2 scale mail (worn)
 c - a +0 kite shield
Jewellery
 m - a ring of fire (left hand)
Wands
 i - a wand of polymorph (9)
Scrolls
 f - a scroll of summoning
 g - a scroll of brand weapon {unknown}
 h - a scroll of fog
 j - a scroll of teleportation
Potions
 d - a potion of might
 k - a potion of resistance {unknown}
 o - a potion of mutation {unknown}
 p - a potion of curing


   Skills:
 * Level 3.6 Fighting
 + Level 10.1 Axes
 - Level 3.2 Armour
 - Level 3.2 Shields


You had 6 spell levels left.
You didn't know any spells.
Your spell library contained the following spells:

 Spells                   Type           Power      Damage    Failure   Level
 Animate Skeleton         Necr           0%         N/A       77%         1
 Apportation              Tloc           0%         N/A       77%         1
 Corona                   Hex            0%         N/A       77%         1
 Summon Small Mammal      Summ           0%         N/A       77%         1
 Inner Flame              Hex/Fire       0%         N/A       98%         3
 Cause Fear               Hex            0%         N/A       100%        4
 Discord                  Hex            0%         N/A       100%        8


Dungeon Overview and Level Annotations

Branches:
Dungeon (6/15)             Temple (0/1) D:4

Altars:
Hepliaklqana
Nemelex Xobeh
Sif Muna
The Shining One

Shops:
D:1 ?   D:3 *

Annotations:
D:5 2 transporters, mavignon's ghost, novice DrEE


Message History

You barely miss the iguana. The iguana bites you.
You barely miss the iguana. You hit the ogre. The iguana bites you!
The ogre closely misses you.
You hit the ogre.
The ogre is moderately wounded.
You barely miss the iguana. The iguana bites you.
The ogre completely misses you.
You slice the ogre!!
You kill the ogre!
You slash the iguana! The iguana barely misses you.
The iguana bites you but does no damage.
Your Axes skill increases to level 10!
You have reached level 7!
You closely miss the iguana.
The iguana is heavily wounded.
The iguana closely misses you.
You slash the iguana!
You kill the iguana!
No target in view!
No target in view!
No target in view!
No target in view!
No target in view!
No target in view!
No target in view!
No target in view!
No target in view!
No target in view!
You start resting.
HP restored.
Okay, then.
You see here an iguana corpse.
A two-headed ogre comes into view. It is wielding two +0 giant clubs.
A two-headed ogre is nearby!
The two-headed ogre hits you with a +0 giant club!!
The two-headed ogre closely misses you.
You slash the two-headed ogre!
The two-headed ogre is moderately wounded.
The two-headed ogre hits you with a +0 giant club!! x2
You die...

##### ##....##
#......##
#.......##
##........##
#..........##
#.....?.....##
#............#
..#..@.......##
#.O......†).#
#..........<#
#.###........#
#.#
#..........# ##
#.............
............###
#.......)...#
#...>......#


You could see a two-headed ogre.

Vanquished Creatures
  A necrophage (D:6)
  An ogre (D:6)
  A scorpion (D:5)
  An orc priest (D:5)
  A hound (D:5)
  2 orc wizards
  An iguana (D:6)
  A hound skeleton (D:4)
  3 gnolls (D:4)
  5 adders
  An adder skeleton (D:4)
  3 dart slugs
  A worm (D:2)
  11 orcs
  8 endoplasms
  A giant cockroach (D:1)
  3 goblins (D:2)
  5 hobgoblins
  2 jackals (D:2)
  5 kobolds
  4 ball pythons
  3 bats
  5 frilled lizards
  8 rats
77 creatures vanquished.

Notes
Turn   | Place    | Note
-------+----------+-------------------------------------------
     0 | D:1      | snilloc10 the Hill Orc Fighter began the quest for the Orb.
     0 | D:1      | Reached XP level 1. HP: 19/19 MP: 1/1
    29 | D:1      | Found a faded altar of an unknown god.
    37 | D:1      | Reached skill level 3 in Axes
    42 | D:1      | Got Plato's Volume of the Voyage
   180 | D:1      | Reached XP level 2. HP: 24/26 MP: 2/2
   376 | D:1      | Reached skill level 4 in Axes
   620 | D:1      | Found Methisa's Magic Scroll Boutique.
   899 | D:2      | Reached XP level 3. HP: 16/31 MP: 3/3
  1293 | D:2      | Reached skill level 5 in Axes
  1781 | D:3      | Found a shimmering blue altar of Sif Muna.
  1808 | D:3      | Reached XP level 4. HP: 29/39 MP: 4/4
  1955 | D:3      | Found a sparkling altar of Nemelex Xobeh.
  2172 | D:3      | Found a glowing golden altar of the Shining One.
  2217 | D:3      | Reached skill level 6 in Axes
  2237 | D:3      | Found Huzy's Assorted Antiques.
  2632 | D:3      | Identified a scroll of acquirement
  2632 | D:3      | Acquired a +1 vorpal battleaxe
  3011 | D:4      | Reached XP level 5. HP: 37/45 MP: 5/5
  3223 | D:4      | Reached skill level 7 in Axes
  3241 | D:4      | Noticed an ogre
  3963 | D:4      | Found a staircase to the Ecumenical Temple.
  4162 | D:5      | Entered Level 5 of the Dungeon
  4240 | D:5      | Reached skill level 8 in Axes
  4240 | D:5      | Reached XP level 6. HP: 42/51 MP: 6/6
  4294 | D:5      | Found a transporter.
  4299 | D:5      | Noticed mavignon's ghost (novice DrEE)
  4320 | D:5      | Found a transporter.
  4411 | D:5      | Acquired a manual of Throwing
  4550 | D:5      | Found a hazy altar of Hepliaklqana.
  4594 | D:5      | Reached skill level 9 in Axes
  4927 | D:6      | Noticed a necrophage
  4931 | D:6      | Killed a necrophage
  4938 | D:6      | Reached skill level 10 in Axes
  4938 | D:6      | Reached XP level 7. HP: 36/57 MP: 7/7
  5048 | D:6      | Noticed a two-headed ogre
  5052 | D:6      | Mangled by a two-headed ogre

Illustrated notes

Levels and vault maps discovered:
D:1:      ncdulo_halloftheorcs, layout_rooms,
          shapermc_ecumenical_altar_rom_forum, serial_shops, shop,
          roderic_roman_lattice
D:2:      layout_loops_ring, minmay_pentomino_q2
D:3:      layout_basic, lemuel_round_altar, mainiacjoe_overflow_boulevard,
          lemuel_tele_altar, serial_shops, shop
D:4:      layout_loops_ring, minmay_temple_entry_fiery,
          chequers_serial_rivers_room_b
D:5:      layout_basic, kennysheep_mini_moat, gammafunk_ghost_stat_death,
          st_stairs_7, amcnicky_mini_pool_small, minivault_26
D:6:      layout_cave_pods, kb_rosetta

Skill      XL: |  1  2  3  4  5  6 |
---------------+-------------------+-----
Axes           | 3 4 5 6 8 10 | 10.1
Fighting       | |  3.6
Armour         | |  3.2
Shields        | |  3.2

Action                   |  1- 3 |  4- 6 |  7- 9 || total
-------------------------+-------+-------+-------++-------
Melee: War axe           |   114 |    70 |       ||   184
       Battleaxe         |       |    41 |     3 ||    44
Throw: Boomerang         |       |     1 |       ||     1
  Use: Scroll            |     2 |     8 |       ||    10
       Potion            |       |     4 |       ||     4
Armor: Scale mail        |    46 |    41 |       ||    87
Dodge: Dodged            |    34 |    45 |     2 ||    81
Block: Kite shield       |    64 |    38 |       ||   102
